 Dungeon Crawl Stone Soup version 0.30-a0-639-g3916f1956a (webtiles) character file.

Game seed: 1320406196829533413

152749 themarg the Spry (level 17, -6/172 HPs)
             Began as a Gnoll Transmuter on Jan 15, 2023.
             Was the Champion of Nemelex Xobeh.
             Mangled by a radroach (37 damage)
             ... on level 1 of the Spider Nest.
             The game lasted 01:52:04 (30118 turns).

themarg the Spry (Gnoll Transmuter)                Turns: 30118, Time: 01:52:04

Health: -6/172     AC: 33    Str:  9    XL:     17   Next: 59%
Magic:  28/42      EV: 39    Int: 20    God:    Nemelex Xobeh [******]
Gold:   927        SH:  0    Dex: 20    Spells: 7/41 levels left

rFire   . . .      SeeInvis +    A - +7 falchion of Ynlogh {flame, SInv}
rCold   . . .      Faith    .    (no shield)
rNeg    + . .      Spirit   .    (body armour currently unavailable)
rPois   ∞          Reflect  .    n - +2 helmet
rElec   +          Harm     .    a - +2 cloak
rCorr   .          Rampage  .    (gloves currently unavailable)
Will    +....                    (boots currently unavailable)
Stlth   ++                       r - amulet of the acrobat
HPRegen 0.48/turn                M - +6 ring of dexterity
MPRegen 0.28/turn                S - ring of magical power

@: statue-form, acrobatic, contaminated, glowing, studying Dodging, very slow
A: slow and powerful, torment resistance 1, boosted hp, fangs 1, strong nose,
distributed training
a: End Transformation, Renounce Religion, Draw Escape, Draw Destruction, Draw
Summoning, Triple Draw, Deal Four, Stack Five


You were on level 1 of the Spider Nest.
You worshipped Nemelex Xobeh.
Nemelex Xobeh was exalted by your worship.
You were a living statue of rough stone.
You visited 5 branches of the dungeon, and saw 24 of its levels.
You also visited: Gauntlet.

You collected 2938 gold pieces.
You spent 2011 gold pieces at shops.

Inventory:

Hand Weapons
 A - the +7 falchion of Ynlogh (weapon) {flame, SInv}
   (You bought it in a shop on level 11 of the Dungeon)

   SInv:      It lets you see invisible.
 E - the +4 mace of Wu Jian's Scorn {flame, rF+ Int+3 Dex-3}
   (You found it on level 5 of the Dungeon)

   Int:       It affects your intelligence (+3).
   Dex:       It affects your dexterity (-3).
   rF:        It protects you from fire.
Missiles
 B - 4 boomerangs of dispersal
 J - a curare-tipped dart
 K - 3 throwing nets
 R - 6 atropa-tipped darts
Armour
 a - a +2 cloak (worn)
 f - a +1 kite shield of protection
 j - a +2 pair of boots (melded)
 n - a +2 helmet (worn)
 P - a +1 troll leather armour (melded)
 U - the +2 pair of gloves of Biuc (melded) {rF+}
   (You found it in a Gauntlet)

   rF:        It protects you from fire.
Jewellery
 r - an amulet of the acrobat (around neck)
 I - a +4 ring of protection
 M - a +6 ring of dexterity (left fist)
 S - a ring of magical power (right fist)
Wands
 c - a wand of polymorph (7)
 p - a wand of iceblast (20)
 D - a wand of flame (40)
 G - a wand of acid (10)
 Q - a wand of digging (8)
 X - a wand of paralysis (11)
Scrolls
 d - 8 scrolls of fear
 k - 7 scrolls of teleportation
 s - 2 scrolls of silence
 t - 3 scrolls of torment
 u - a scroll of amnesia
 y - 4 scrolls of vulnerability
 L - 2 scrolls of magic mapping
 N - 2 scrolls of fog
 O - 6 scrolls of blinking
 T - 4 scrolls of poison
Potions
 b - 5 potions of lignification
 e - 7 potions of heal wounds
 g - 2 potions of magic
 h - 3 potions of invisibility
 i - 8 potions of curing
 l - a potion of ambrosia
 o - 2 potions of berserk rage
 q - 2 potions of haste
 v - 4 potions of flight
 w - 4 potions of mutation
 x - 6 potions of brilliance
 z - 2 potions of cancellation
 C - 2 potions of resistance
 F - 2 potions of might
 Y - 7 potions of attraction
Miscellaneous
 m - a phial of floods
 V - a box of beasts


   Skills:
 + Level 11.9 Fighting
 + Level 11.6 Short Blades
 + Level 11.6 Long Blades
 + Level 11.6 Axes
 + Level 11.6 Maces & Flails
 + Level 11.6 Polearms
 + Level 11.6 Staves
 + Level 11.6 Ranged Weapons
 + Level 11.6 Throwing
 + Level 11.6 Armour
 + Level 16.3 Dodging
 + Level 11.6 Stealth
 + Level 11.6 Shields
 + Level 13.2 Unarmed Combat
 + Level 12.6 Spellcasting
 + Level 9.8 Conjurations
 + Level 9.8 Hexes
 + Level 9.8 Summonings
 + Level 9.8 Necromancy
 + Level 9.8 Translocations
 + Level 10.5 Transmutations
 + Level 9.8 Fire Magic
 + Level 9.8 Ice Magic
 + Level 9.8 Air Magic
 + Level 9.8 Earth Magic
 + Level 9.8 Poison Magic
 + Level 12.6 Invocations
 + Level 11.6 Evocations


You had 7 spell levels left.
You knew the following spells:

 Your Spells              Type           Power      Damage    Failure   Level
a - Olgreb's Toxic Radia  Pois           51%        N/A       1%          4
b - Wereblood             Tmut           53%        N/A       1%          2
c - Statue Form           Tmut/Erth      34%        N/A       13%         6
d - Ice Form              Ice/Tmut       52%        N/A       1%          4
e - Summon Forest         Summ/Tloc      25%        N/A       2%          5
f - Yara's Violent Unrav  Hex/Tmut       26%        3d11      2%          5
g - Starburst             Conj/Fire      25%        6d8       14%         6
B - Sublimation of Blood  Necr           51%        N/A       1%          2

Your spell library contained the following spells:

 Spells                   Type           Power      Damage    Failure   Level
 Beastly Appendage        Tmut           100%       N/A       1%          1
 Sandblast                Erth           100%       2d20      1%          1
 Sting                    Tmut/Pois      100%       1d8       1%          1
 Passwall                 Tmut/Erth      43%        N/A       1%          2
 Poisonous Vapours        Pois/Air       100%       N/A       1%          2
 Scorch                   Fire           100%       2d10      1%          2
 Inner Flame              Hex/Fire       51%        N/A       1%          3
 Spider Form              Tmut/Pois      52%        N/A       1%          3
 Stone Arrow              Conj/Erth      100%       3d13      1%          3
 Flame Wave               Conj/Fire      51%        2d13      1%          4
 Eringya's Noxious Bog    Tmut/Pois      26%        N/A       13%         6
 Summon Cactus Giant      Summ           25%        N/A       14%         6
 Summon Hydra             Summ           25%        N/A       63%         7
 Death's Door             Necr           25%        N/A       100%        9


Dungeon Overview and Level Annotations

Branches:
Dungeon (15/15)            Temple (1/1) D:7            Lair (5/5) D:9
  Swamp (0/4) Lair:3       Spider (1/4) Lair:3        Slime (0/5) Lair:4
    Orc (2/2) D:12            Elf (0/3) Orc:2        Vaults (0/5) D:14
 Depths (0/4) D:15        Gauntlet (visited)

Altars:
Ashenzari
Cheibriados
Dithmenos
Elyvilon
Fedhas
Gozag
Hepliaklqana
Kikubaaqudgha
Makhleb
Nemelex Xobeh
Okawaru
Qazlal
Ru
Sif Muna
Trog
Uskayaw
Vehumet
Wu Jian
Xom
Yredelemnul
Zin
The Shining One

Shops:
D:1 (   D:5 *   D:9 *   D:11 *   D:12 *   Orc:1 (   Orc:2 *[!?(

Portals:
Trove: D:10 (give +6 demon blade)


Innate Abilities, Weirdness & Mutations

You are a living statue of rough stone.
Your actions are slow, but your melee attacks are powerful.
You are resistant to unholy torment.
Your maximum health is greatly increased.
You are immune to poison.
Your equipment is partially melded.
You have very sharp teeth.
Your uncanny sense of smell can sniff out nearby items.
Your experience applies equally to all skills.


Message History

A wolf spider comes into view.
The radroach erupts in a fountain of uncontrolled magic!
You are blasted with magical radiation!
You are very lightly contaminated with residual magic.
You hit the radroach. You burn the radroach.
The radroach is moderately wounded.
The wolf spider is poisoned.
Your toxic aura wanes.
The radroach bites you! The radroach completely misses you.
The wolf spider completely misses you.
The wolf spider bites you but does no damage.
You slash the radroach! You burn the radroach.
The radroach is heavily wounded.
The wolf spider barely misses you. The wolf spider completely misses you.
The radroach erupts in a fountain of uncontrolled magic!
You are blasted with magical radiation!!
* * * LOW HITPOINT WARNING * * *
You are lightly contaminated with residual magic.
A sun moth comes into view.
The wolf spider barely misses you.
The wolf spider bites you but does no damage.
You draw... (choose one card, ? for their descriptions)
a - the Tomb b - Velocity c - Velocity You have drawn Velocity.
The radroach seems to slow down.
The wolf spider seems to slow down.
The sun moth seems to slow down.
A redback comes into view. x2
The wolf spider closely misses you. The wolf spider bites you!
* * * LOW HITPOINT WARNING * * *
The radroach erupts in a fountain of uncontrolled magic!
You are blasted with magical radiation.
You are contaminated with residual magic.
The redback moves out of view.
The wolf spider completely misses you.
The wolf spider bites you but does no damage.
The radroach erupts in a fountain of uncontrolled magic!
You are blasted with magical radiation!!!
You die...
Your body glows slightly brighter and disappears.

...♣†. ## ##.. ##...^ #..
#... ♣~†..##... . #....
♣~~~†..... #. #....
♣~~~..♣.#♣
...#....###~~~.....#
.......##.#~..###♣##
#?^..s..#†........
###..8..........# .....
#...B#.†####.†.†.
..#..###..##..#^.#♣###.
#....#.#..#.....##...##
#...>.#..............###
..........#..##...#...^#
^#....#######†##.#...##
######..††s...s..####.^.#
##.......†^.....###..#####


You could see a radroach (very poisoned, slow) and a wolf spider (poisoned,
slow).

Vanquished Creatures
  Gastronok (D:11)
  Kirke (D:15)
  A fire giant (Gauntlet)
  2 hydras
  Erolcha (Orc:1)
  An ogre mage (D:15)
  4 catoblepae
  5 centaur warriors
  A jorogumo (Spider:1)
  3 boulder beetles
  10 two-headed ogres
  3 death yaks (Lair:3)
  2 orc high priests
  A deep elf knight (D:14)
  3 sun moths (Spider:1)
  8 skeletal warriors
  A goliath frog (Lair:5)
  An orb spider (Spider:1)
  A wizard (D:15)
  A wolf spider zombie (D:13)
  2 deep elf pyromancers
  A necromancer (D:15)
  5 orc knights
  13 ugly things
  A wolf spider (Spider:1)
  3 manticores
  An orc sorcerer (D:15)
  7 cyclopes
  20 elephants
  2 rust devils (D:11)
  4 centaur zombies
  5 black mambas
  A centaur skeleton (D:15)
  A naga mage (D:15)
  15 cane toads
  3 gargoyles
  5 komodo dragons
  3 torpor snails
  3 unseen horrors
  3 rime drakes
  A red devil (Gauntlet)
  A freezing wraith (D:12)
  3 polar bears
  8 trolls
  4 tyrant leeches
  2 tarantellas (Spider:1)
  A meliai zombie (D:13)
  29 blink frogs
  5 jumping spiders
  A slime creature (D:13)
  A culicivora (Spider:1)
  A centaur simulacrum (D:15)
  4 wraiths
  6 shadows
  2 vampires
  A ynoxinul (Gauntlet)
  3 hogs (D:15)
  8 wyverns
  A fire bat (Gauntlet)
  22 yaks
  2 basilisks
  15 redbacks
  A steam dragon (D:10)
  15 vampire mosquitoes
  3 swamp worms (Lair:3)
  5 acid dragons
  Duvessa (D:4)
  8 water moccasins
  A hell hound (Gauntlet)
  25 orc warriors
  A swamp drake (Gauntlet)
  6 ice beasts
  2 black bears
  A sky beast (D:6)
  6 ogres
  13 centaurs
  8 wolves
  4 kobold brigands
  A phantom (D:5)
  11 bullfrogs
  5 scorpions
  3 wights (D:8)
  Dowan (D:4)
  7 howler monkeys
  An electric eel (Lair:5)
  11 orc priests
  A gnoll bouda (D:6)
  2 iron imps (Gauntlet)
  6 jellies
  2 iguanas (D:5)
  12 orc wizards
  Natasha (thrice) (D:3)
  5 hell rats
  A boggart zombie (D:13)
  Robin (D:2)
  7 gnolls (D:6)
  8 adders
  A shadow imp (D:5)
  A white imp (D:6)
  A worm (D:2)
  3 dart slugs
  42 orcs
  7 bats
  6 endoplasms
  2 giant cockroaches (D:1)
  3 hobgoblins
  3 jackals (D:1)
  3 quokkas
  3 ball pythons
  5 frilled lizards
  22 goblins
  22 kobolds
  10 rats
  2 snaplasher vines (Spider:1)
594 creatures vanquished.

Vanquished Creatures (collateral kills)
  An ironbound preserver (D:14)
  A minotaur (Gauntlet)
  A great orb of eyes (D:13)
  2 hydras (D:13)
  An ogre mage (D:15)
  3 centaur warriors (D:13)
  4 orc high priests (Orc:2)
  2 tengu warriors
  A skeletal warrior (D:13)
  7 orc knights
  An ugly thing (D:15)
  A cyclops (D:13)
  2 cane toads (Lair:5)
  A troll (D:13)
  A blink frog (Lair:5)
  A shadow (D:15)
  A jumping spider (shapeshifter) (D:14)
  4 hogs (D:15)
  5 vampire mosquitoes (D:13)
  9 orc warriors (Orc:2)
  6 ogres
  A centaur (D:14)
  12 orc priests
  An orc wizard (Orc:1)
  29 orcs
98 creatures vanquished.

Vanquished Creatures (others)
  An orc (D:10)
  33 fungi
  132 plants
  13 snaplasher vines
  8 withered plants (D:13)
187 creatures vanquished.

Grand Total: 879 creatures vanquished

Notes
Turn   | Place    | Note
-------+----------+-------------------------------------------
     0 | D:1      | themarg the Gnoll Transmuter began the quest for the Orb.
     0 | D:1      | Reached XP level 1. HP: 17/17 MP: 6/6
   104 | D:1      | Reached XP level 2. HP: 23/23 MP: 7/7
   107 | D:1      | Learned a level 2 spell: Wereblood
   393 | D:1      | Found Ecvaxe's Weapon Boutique.
   752 | D:1      | Reached skill level 5 in Spellcasting
   752 | D:1      | Reached XP level 3. HP: 28/28 MP: 6/9
  1201 | D:2      | Noticed Robin
  1227 | D:2      | Reached skill level 1 in Invocations
  1232 | D:2      | Killed Robin
  1233 | D:2      | Reached skill level 1 in Short Blades
  1233 | D:2      | Reached skill level 1 in Long Blades
  1233 | D:2      | Reached skill level 1 in Axes
  1233 | D:2      | Reached skill level 1 in Maces & Flails
  1233 | D:2      | Reached skill level 1 in Polearms
  1233 | D:2      | Reached skill level 1 in Staves
  1233 | D:2      | Reached skill level 1 in Ranged Weapons
  1233 | D:2      | Reached skill level 1 in Throwing
  1233 | D:2      | Reached skill level 1 in Armour
  1233 | D:2      | Reached skill level 1 in Stealth
  1233 | D:2      | Reached skill level 1 in Shields
  1233 | D:2      | Reached skill level 1 in Evocations
  1274 | D:2      | Reached XP level 4. HP: 34/34 MP: 9/11
  1296 | D:2      | Learned a level 3 spell: Spider Form
  1481 | D:2      | Reached skill level 1 in Conjurations
  1481 | D:2      | Reached skill level 1 in Hexes
  1481 | D:2      | Reached skill level 1 in Summonings
  1481 | D:2      | Reached skill level 1 in Necromancy
  1481 | D:2      | Reached skill level 1 in Translocations
  1481 | D:2      | Reached skill level 1 in Fire Magic
  1481 | D:2      | Reached skill level 1 in Ice Magic
  1481 | D:2      | Reached skill level 1 in Air Magic
  1481 | D:2      | Reached skill level 1 in Earth Magic
  1481 | D:2      | Reached skill level 1 in Poison Magic
  2256 | D:3      | Noticed Natasha
  2263 | D:3      | Killed Natasha
  2264 | D:3      | Reached XP level 5. HP: 36/40 MP: 5/12
  2383 | D:3      | Found a faded altar of an unknown god.
  2387 | D:3      | Prayed at the altar of an unknown god.
  2387 | D:3      | Became a worshipper of Nemelex Xobeh the Trickster
  2387 | D:3      | Reached * piety under Nemelex Xobeh
  2441 | D:3      | Noticed Natasha
  2448 | D:3      | Killed Natasha
  2906 | D:3      | Noticed Natasha
  2915 | D:3      | Killed Natasha
  2916 | D:3      | Reached XP level 6. HP: 47/47 MP: 10/13
  3471 | D:4      | Received a gift from Nemelex Xobeh
  3489 | D:4      | Got the Compilation of Burning
  3602 | D:4      | Found a stormy altar of Qazlal.
  3660 | D:4      | Reached skill level 5 in Dodging
  3682 | D:4      | Reached ** piety under Nemelex Xobeh
  3820 | D:4      | Noticed Duvessa
  4013 | D:4      | Noticed Dowan
  4038 | D:5      | Entered Level 5 of the Dungeon
  4069 | D:5      | Reached XP level 7. HP: 36/52 MP: 9/15
  4382 | D:5      | Found Ylotuin's Fire Supplies.
  4543 | D:5      | Identified the +4 mace of Wu Jian's Scorn {flame, rF+ Int+3
                  | Dex-3}
  4617 | D:5      | Received a gift from Nemelex Xobeh
  4801 | D:5      | Reached XP level 8. HP: 58/60 MP: 13/16
  5553 | D:6      | Reached skill level 6 in Dodging
  5984 | D:6      | Reached *** piety under Nemelex Xobeh
  6015 | D:6      | Reached skill level 5 in Transmutations
  6119 | D:6      | Reached XP level 9. HP: 52/66 MP: 12/18
  6547 | D:7      | Found a staircase to the Ecumenical Temple.
  6566 | Temple   | Entered the Ecumenical Temple
  6690 | D:7      | Identified the +1 long sword of Compound Interest {distort,
                  | Contam Will+ Str+7}
  6696 | D:7      | Received a gift from Nemelex Xobeh
  6839 | D:7      | Reached skill level 5 in Fighting
  6839 | D:7      | Reached skill level 7 in Dodging
  7366 | D:7      | Received a gift from Nemelex Xobeh
  7654 | D:7      | Learned a level 4 spell: Ice Form
  7967 | D:8      | Reached skill level 5 in Invocations
  8264 | D:8      | Received a gift from Nemelex Xobeh
  8394 | D:8      | Reached **** piety under Nemelex Xobeh
  8611 | D:9      | Found Depol's Lightly-Used Armoury.
  8650 | D:9      | Noticed a troll
  8659 | D:9      | Killed a troll
  8719 | D:9      | Reached skill level 5 in Short Blades
  8719 | D:9      | Reached skill level 5 in Long Blades
  8719 | D:9      | Reached skill level 5 in Axes
  8719 | D:9      | Reached skill level 5 in Maces & Flails
  8719 | D:9      | Reached skill level 5 in Polearms
  8719 | D:9      | Reached skill level 5 in Staves
  8719 | D:9      | Reached skill level 5 in Ranged Weapons
  8719 | D:9      | Reached skill level 5 in Throwing
  8719 | D:9      | Reached skill level 5 in Armour
  8719 | D:9      | Reached skill level 8 in Dodging
  8719 | D:9      | Reached skill level 5 in Stealth
  8719 | D:9      | Reached skill level 5 in Shields
  8719 | D:9      | Reached skill level 5 in Evocations
  8719 | D:9      | Reached XP level 10. HP: 54/76 MP: 16/20
  9114 | D:9      | Found a staircase to the Lair.
  9115 | D:9      | Received a gift from Nemelex Xobeh
  9290 | D:9      | Identified the +0 robe of the Ward {Dex+2}
  9447 | D:10     | Entered Level 10 of the Dungeon
  9684 | D:10     | Killed an unseen horror
  9829 | D:10     | Reached skill level 9 in Dodging
  9874 | D:10     | Found a portal to a secret trove of treasure.
  9918 | D:10     | Received a gift from Nemelex Xobeh
  9930 | D:10     | Noticed a gargoyle
  9948 | D:10     | HP: 1/92 [gargoyle/stone arrow (25)]
  9950 | D:10     | Killed a gargoyle
 10527 | D:10     | Reached skill level 5 in Conjurations
 10527 | D:10     | Reached skill level 5 in Hexes
 10527 | D:10     | Reached skill level 5 in Summonings
 10527 | D:10     | Reached skill level 5 in Necromancy
 10527 | D:10     | Reached skill level 5 in Translocations
 10527 | D:10     | Reached skill level 5 in Fire Magic
 10527 | D:10     | Reached skill level 5 in Ice Magic
 10527 | D:10     | Reached skill level 5 in Air Magic
 10527 | D:10     | Reached skill level 5 in Earth Magic
 10527 | D:10     | Reached skill level 5 in Poison Magic
 10527 | D:10     | Reached XP level 11. HP: 46/83 MP: 16/22
 10886 | D:11     | Noticed a two-headed ogre
 10890 | D:11     | Killed a two-headed ogre
 11057 | D:11     | Noticed a two-headed ogre
 11062 | D:11     | Killed a two-headed ogre
 11196 | D:11     | Received a gift from Nemelex Xobeh
 11260 | D:11     | Reached ***** piety under Nemelex Xobeh
 11313 | D:11     | Noticed Gastronok
 11315 | D:11     | Killed Gastronok
 11316 | D:11     | Reached skill level 10 in Dodging
 11606 | D:11     | Found a shadowy altar of Dithmenos.
 12061 | D:11     | Found Jiuqesm's General Store.
 12621 | D:4      | Killed Dowan
 12639 | D:4      | Killed Duvessa
 12944 | Lair:1   | Entered Level 1 of the Lair of Beasts
 12953 | Lair:1   | Noticed a catoblepas
 12959 | Lair:1   | Received a gift from Nemelex Xobeh
 12967 | Lair:1   | Noticed a catoblepas
 12980 | Lair:1   | Killed a catoblepas
 13108 | Lair:1   | Reached XP level 12. HP: 72/91 MP: 18/24
 13266 | Lair:1   | Found a gate leading to a gauntlet.
 13274 | Gauntlet | Entered a Gauntlet
 13274 | Gauntlet | Found a transporter.
 13289 | Gauntlet | Found a transporter.
 13300 | Gauntlet | Found a transporter.
 13302 | Gauntlet | Found a large runed translucent door.
 13303 | Gauntlet | Found a large runed translucent door.
 13304 | Gauntlet | Found a large runed translucent door.
 13304 | Gauntlet | Found a large runed translucent door.
 13304 | Gauntlet | Found a runed translucent door.
 13305 | Gauntlet | Found a transporter.
 13306 | Gauntlet | Found a runed translucent door.
 13307 | Gauntlet | Found a large runed translucent door.
 13307 | Gauntlet | Found a large runed translucent door.
 13308 | Gauntlet | Found a large runed translucent door.
 13309 | Gauntlet | Found a large runed translucent door.
 13315 | Gauntlet | Found a large runed translucent door.
 13315 | Gauntlet | Found a large runed translucent door.
 13316 | Gauntlet | Found a large runed translucent door.
 13316 | Gauntlet | Found a large runed translucent door.
 13317 | Gauntlet | Found a large runed translucent door.
 13317 | Gauntlet | Found a large runed translucent door.
 13318 | Gauntlet | Found a runed translucent gate.
 13318 | Gauntlet | Found a runed translucent gate.
 13318 | Gauntlet | Found a runed translucent gate.
 13320 | Gauntlet | Found a transporter.
 13330 | Gauntlet | Found a large runed translucent door.
 13331 | Gauntlet | Found a large runed translucent door.
 13332 | Gauntlet | Received a gift from Nemelex Xobeh
 13339 | Gauntlet | Found a transporter.
 13349 | Gauntlet | Noticed a seven-headed hydra
 13351 | Gauntlet | Found a transporter.
 13363 | Gauntlet | Found a transporter.
 13370 | Gauntlet | Noticed a hell hog
 13375 | Gauntlet | Found a transporter.
 13379 | Gauntlet | Noticed a green death
 13387 | Gauntlet | Found a transporter.
 13390 | Gauntlet | Noticed an entropy weaver
 13404 | Gauntlet | Found a transporter.
 13404 | Gauntlet | Found a transporter.
 13424 | Gauntlet | Found a transporter.
 13446 | Gauntlet | Found a transporter.
 13470 | Gauntlet | Found a transporter.
 13547 | Gauntlet | Found a transporter.
 13573 | Gauntlet | Found a transporter.
 13575 | Gauntlet | Found a transporter.
 13795 | Gauntlet | a fire bat changed into a fire giant
 13795 | Gauntlet | Noticed a fire giant
 13799 | Gauntlet | Killed a fire giant
 13800 | Gauntlet | Reached skill level 11 in Dodging
 13805 | Gauntlet | Reached skill level 10 in Unarmed Combat
 13832 | Gauntlet | Identified the +2 pair of gloves of Biuc {rF+}
 13914 | Gauntlet | Noticed a minotaur
 13934 | Gauntlet | Killed a minotaur
 13977 | Gauntlet | Got the Directory of Twisted Changing
 14168 | Lair:1   | Killed a catoblepas
 14533 | Lair:1   | Received a gift from Nemelex Xobeh
 14873 | Lair:1   | Noticed a catoblepas
 14885 | Lair:1   | Killed a catoblepas
 15261 | Lair:2   | Identified the +3 flail of Nenaheu {pain, *Noise rPois
                  | Dex-2 SInv}
 15912 | Lair:2   | You fall into a shaft and drop 1 floor!
 16038 | Lair:3   | Received a gift from Nemelex Xobeh
 16268 | Lair:3   | Noticed a death yak
 16268 | Lair:3   | Noticed a death yak
 16268 | Lair:3   | Noticed a death yak
 16288 | Lair:3   | Killed a death yak
 16294 | Lair:3   | Killed a death yak
 16296 | Lair:3   | Killed a death yak
 16297 | Lair:3   | Reached skill level 12 in Dodging
 16297 | Lair:3   | Reached XP level 13. HP: 90/99 MP: 26/26
 16737 | Lair:3   | Reached ****** piety under Nemelex Xobeh
 17019 | Lair:3   | Found a staircase to the Swamp.
 17166 | Lair:3   | Found a hole to the Spider Nest.
 17685 | Lair:4   | Reached skill level 10 in Spellcasting
 17982 | Lair:4   | Found a runed translucent door.
 17984 | Lair:4   | Found a staircase to the Slime Pits.
 18049 | Lair:4   | Received a gift from Nemelex Xobeh
 18323 | Lair:4   | Received a gift from Nemelex Xobeh
 18833 | Lair:5   | Entered Level 5 of the Lair of Beasts
 19087 | Lair:5   | Reached skill level 13 in Dodging
 19657 | Lair:5   | Reached XP level 14. HP: 108/108 MP: 28/28
 19663 | Lair:5   | Learned a level 5 spell: Summon Forest
 19669 | Lair:5   | Learned a level 5 spell: Yara's Violent Unravelling
 19726 | Lair:5   | Received a gift from Nemelex Xobeh
 19759 | Lair:5   | Reached skill level 10 in Invocations
 20513 | Lair:5   | Received a gift from Nemelex Xobeh
 20642 | Lair:5   | Upgraded the game from 0.30-a0-634-g8abc85282e to
                  | 0.30-a0-639-g3916f1956a
 21591 | D:12     | Reached skill level 10 in Fighting
 22265 | D:12     | Found a staircase to the Orcish Mines.
 22271 | D:12     | Found Tezyuh's Assorted Antiques.
 22414 | D:12     | Received a gift from Nemelex Xobeh
 22478 | D:12     | Reached skill level 14 in Dodging
 22732 | D:12     | Learned a level 2 spell: Sublimation of Blood
 22786 | Orc:1    | Entered Level 1 of the Orcish Mines
 22809 | Orc:1    | Noticed Erolcha
 22816 | Orc:1    | Killed Erolcha
 22918 | Orc:1    | Received a gift from Nemelex Xobeh
 23055 | Orc:2    | Entered Level 2 of the Orcish Mines
 23377 | Orc:2    | Found a staircase to the Elven Halls.
 23435 | Orc:2    | Received a gift from Nemelex Xobeh
 23490 | Orc:2    | Found Coutwuid's Antique Weapon Emporium.
 23529 | Orc:2    | Reached skill level 10 in Short Blades
 23529 | Orc:2    | Reached skill level 10 in Long Blades
 23529 | Orc:2    | Reached skill level 10 in Axes
 23529 | Orc:2    | Reached skill level 10 in Maces & Flails
 23529 | Orc:2    | Reached skill level 10 in Polearms
 23529 | Orc:2    | Reached skill level 10 in Staves
 23529 | Orc:2    | Reached skill level 10 in Ranged Weapons
 23529 | Orc:2    | Reached skill level 10 in Throwing
 23529 | Orc:2    | Reached skill level 10 in Armour
 23529 | Orc:2    | Reached skill level 10 in Stealth
 23529 | Orc:2    | Reached skill level 10 in Shields
 23529 | Orc:2    | Reached skill level 10 in Evocations
 23921 | Orc:2    | Reached XP level 15. HP: 87/117 MP: 24/30
 23940 | Orc:2    | Identified the +0 quarterstaff of Growth {pain, rPois rC+
                  | Int-4}
 23982 | Orc:2    | Found Gococh's Magic Scroll Boutique.
 23982 | Orc:2    | Found Epni's Distillery.
 23983 | Orc:2    | Found Etepn's Antique Armour Shop.
 23983 | Orc:2    | Found Noicim's Assorted Antiques.
 23990 | Orc:2    | Bought a scroll of fear for 64 gold pieces
 23990 | Orc:2    | Bought a scroll of fog for 64 gold pieces
 23990 | Orc:2    | Bought a scroll of blinking for 120 gold pieces
 23990 | Orc:2    | Bought a scroll of identify for 32 gold pieces
 23996 | Orc:2    | Bought a scroll of blinking for 195 gold pieces
 23996 | Orc:2    | Bought a potion of magic for 208 gold pieces
 23997 | Orc:2    | Bought a potion of might for 44 gold pieces
 23997 | Orc:2    | Bought a potion of curing for 33 gold pieces
 23997 | Orc:2    | Bought a potion of curing for 33 gold pieces
 23997 | Orc:2    | Bought 2 potions of mutation for 176 gold pieces
 23997 | Orc:2    | Bought a potion of berserk rage for 55 gold pieces
 23997 | Orc:2    | Bought a potion of resistance for 110 gold pieces
 24628 | Orc:1    | Found Fofemul's Antique Weapon Boutique.
 24633 | Orc:1    | Identified the +0 hand axe "Suimah" {venom, rElec}
 26197 | D:13     | Reached skill level 15 in Dodging
 27187 | D:14     | Received a gift from Nemelex Xobeh
 27197 | D:14     | Found a gate to the Vaults.
 27575 | D:15     | Entered Level 15 of the Dungeon
 27648 | D:15     | Reached skill level 10 in Transmutations
 27661 | D:15     | Reached XP level 16. HP: 108/125 MP: 32/32
 27765 | D:15     | Received a gift from Nemelex Xobeh
 28000 | D:15     | Found a shadowy altar of Dithmenos.
 28317 | D:15     | Noticed Kirke
 28339 | D:15     | Killed Kirke
 28402 | D:15     | Received a gift from Nemelex Xobeh
 28638 | D:15     | Received a gift from Nemelex Xobeh
 28848 | D:15     | Found a staircase to the Depths.
 29035 | D:15     | Identified a scroll of acquirement
 29075 | D:15     | Learned a level 4 spell: Olgreb's Toxic Radiance
 29082 | D:15     | Learned a level 6 spell: Statue Form
 29089 | D:15     | Learned a level 6 spell: Starburst
 29277 | Lair:3   | Acquired 322 gold pieces
 29451 | D:11     | Bought the +7 falchion of Ynlogh {flame, SInv} for 877 gold
                  | pieces
 29594 | Spider:1 | Entered Level 1 of the Spider Nest
 29774 | Spider:1 | Reached skill level 16 in Dodging
 29806 | Spider:1 | Reached XP level 17. HP: 133/133 MP: 33/33
 30118 | Spider:1 | Mangled by a radroach

Illustrated notes

Levels and vault maps discovered:
D:1:      denvon_arrival_planthouse, layout_basic, serial_shops,
          nicolae_square_shop
D:2:      layout_basic, grunt_ministairs_8, minmay_vboxes, uniq_robin
D:3:      layout_loops_ring, shapermc_ecumenical_altar_petra,
          serial_co_window_serial, co_window_of_opportunity_a,
          co_window_paths_a, co_window_paths_b, co_window_corner_a,
          co_window_corner_a, co_window_corner_ca, co_window_of_opportunity_b,
          co_window_broadway_b, co_window_paths_d, grunt_ministairs_2,
          uniq_natasha
D:4:      layout_rooms, nicolae_qazlal_general_emergency, uniq_duvessa
D:5:      layout_loops_cross, nicolae_shop_fire_sale [nicolae_sub_dead_trees],
          minmay_manual_mares
D:6:      layout_basic
D:7:      layout_basic, minmay_temple_entry_drinking_statues
D:8:      layout_loops_ring
D:9:      layout_rooms, hellmonk_lair_entry_icy, minmay_shop_damaged
D:10:     cheibrodos_iron_armory, layout_irregular_city,
          nicolae_trove_entry_crossroad
D:11:     wad_woods_stonehenge, layout_irregular_city, serial_column_ruins,
          column_ruins_hut_ruined, column_ruins_columns_plus,
          column_ruins_grid_1, column_ruins_grid_1,
          column_ruins_columns_straight, column_ruins_open_tiny,
          palyth_stone_intersect, minivault_27, minmay_shop_grid_forest,
          uniq_gastronok
D:12:     layout_roguey, orc_0_dummy, serial_shops, shop, minmay_bent
D:13:     minmay_slanted_spiral_squares, layout_basic, serial_undead,
          serial_undead_b, serial_undead_b, serial_undead_d, serial_undead_c,
          serial_undead_e, serial_undead_c
D:14:     layout_basic, skrybe_vaults_entry_preservation, nrook_mini_vaults,
          serial_rivers, chequers_serial_rivers_room_b,
          chequers_serial_rivers_marsh, chequers_serial_rivers_micro_b,
          chequers_serial_rivers_micro_c
D:15:     grunt_enter_depths_magical_seal, layout_long_grid,
          grunt_dithmenos_shadows, uniq_kirke
Temple:   grunt_wide_crystal_templ
Lair:1:   layout_concentric_octagons, gauntlet_entry_generic,
          chequers_serial_rivers_small_3, hibernation_bobbens,
          grunt_megastairs_1
Lair:2:   layout_hall_layers, serial_bayou_shore_a
Lair:3:   layout_small_grid, minmay_swamp_entry_worms,
          spider_nest_entry_funnel_web, grunt_megastairs_2
Lair:4:   layout_hall_layers, slime_entry_2
Lair:5:   minmay_lair_end_frog_pond, layout_long_grid
Spider:1: layout_spider_delve, nicolae_spider_solar_radiation
Orc:1:    layout_diamond_mine, serial_shops, shop, uniq_erolcha
Orc:2:    st_orc_pillars, layout_caves, basic_altar, serial_shops,
          nicolae_shop_crystal

Skill      XL: |  1  2  3  4  5  6  7  8  9 10 11 12 13 14 15 16 |
---------------+-------------------------------------------------+-----
Spellcasting   | 5 6 7 8 9 10 11 12 | 12.6
Invocations    | 1 2 3 4 5 6 7 8 9 10 11 12 | 12.6
Short Blades   | 1 2 3 5 6 7 8 9 10 11 | 11.6
Long Blades    | 1 2 3 5 6 7 8 9 10 11 | 11.6
Axes           | 1 2 3 5 6 7 8 9 10 11 | 11.6
Maces & Flails | 1 2 3 5 6 7 8 9 10 11 | 11.6
Polearms       | 1 2 3 5 6 7 8 9 10 11 | 11.6
Staves         | 1 2 3 5 6 7 8 9 10 11 | 11.6
Ranged Weapons | 1 2 3 5 6 7 8 9 10 11 | 11.6
Throwing       | 1 2 3 5 6 7 8 9 10 11 | 11.6
Armour         | 1 2 3 5 6 7 8 9 10 11 | 11.6
Stealth        | 1 2 3 5 6 7 8 9 10 11 | 11.6
Shields        | 1 2 3 5 6 7 8 9 10 11 | 11.6
Evocations     | 1 2 3 5 6 7 8 9 10 11 | 11.6
Conjurations   | 1 2 3 4 5 6 7 8 9 |  9.8
Hexes          | 1 2 3 4 5 6 7 8 9 |  9.8
Summonings     | 1 2 3 4 5 6 7 8 9 |  9.8
Necromancy     | 1 2 3 4 5 6 7 8 9 |  9.8
Translocations | 1 2 3 4 5 6 7 8 9 |  9.8
Fire Magic     | 1 2 3 4 5 6 7 8 9 |  9.8
Ice Magic      | 1 2 3 4 5 6 7 8 9 |  9.8
Air Magic      | 1 2 3 4 5 6 7 8 9 |  9.8
Earth Magic    | 1 2 3 4 5 6 7 8 9 |  9.8
Poison Magic   | 1 2 3 4 5 6 7 8 9 |  9.8
Fighting       | 3 4 5 6 7 8 9 10 11 | 11.9
Transmutations | 4 5 6 7 8 9 10 | 10.5
Dodging        | 5 6 8 9 10 12 13 14 15 16 | 16.3
Unarmed Combat | 7 8 9 10 11 12 13 | 13.2

Action                   |  1- 3 |  4- 6 |  7- 9 | 10-12 | 13-15 | 16-18 || total
-------------------------+-------+-------+-------+-------+-------+-------++-------
Melee: Unarmed           |    67 |   121 |   275 |   414 |   857 |   148 ||  1882
       Bite              |     4 |     6 |       |       |     2 |    18 ||    30
       Punch             |     1 |     3 |       |       |       |    12 ||    16
       Headbutt          |     8 |     5 |       |       |       |       ||    13
       Kick              |     4 |     9 |       |       |       |       ||    13
       Mace              |       |       |       |     2 |     9 |     4 ||    15
       Falchion          |       |       |       |       |       |   104 ||   104
 Cast: Beastly Appendage |    23 |    19 |       |       |     1 |       ||    43
       Wereblood         |     2 |     1 |     9 |     4 |     8 |     2 ||    26
       Spider Form       |       |    19 |    36 |     2 |     1 |     1 ||    59
       Ice Form          |       |       |     8 |    43 |    73 |     9 ||   133
       Summon Forest     |       |       |       |       |    34 |    15 ||    49
       Yara's Violent Un |       |       |       |       |    20 |     2 ||    22
       Statue Form       |       |       |       |       |       |    10 ||    10
       Olgreb's Toxic Ra |       |       |       |       |       |     1 ||     1
Invok: Draw Destruction  |       |       |       |    22 |    39 |     1 ||    62
       Draw Summoning    |       |       |       |     2 |    13 |       ||    15
       Triple Draw       |       |       |       |     1 |     6 |     1 ||     8
       Draw Escape       |       |       |       |       |     2 |       ||     2
 Abil: End Transformatio |       |       |       |       |     2 |       ||     2
Evoke: Wand              |       |       |       |       |     1 |     3 ||     4
       Box of beasts     |       |       |       |       |     1 |       ||     1
  Use: Scroll            |       |       |    13 |     8 |     8 |     7 ||    36
       Potion            |       |       |       |     4 |     1 |     1 ||     6
 Stab: Sleeping          |     1 |     3 |     3 |     4 |     8 |     3 ||    22
       Distracted        |       |       |       |       |     7 |     2 ||     9
Armor: Robe              |    11 |     8 |       |     4 |     1 |       ||    24
       Skin              |       |     7 |    30 |    86 |   175 |    62 ||   360
       Troll leather arm |       |       |       |       |     6 |     7 ||    13
Dodge: Dodged            |    48 |    85 |   230 |   311 |   717 |   258 ||  1649

Table legend: (Time is in decaauts)
 A = Elapsed time spent in this place.
 B = Non-inter-level travel time spent in this place.
 C = Inter-level travel time spent in this place.
 D = Time resting spent in this place.
 E = Time spent auto-exploring this place.
 F = Levels seen in this place.
 G = Mean time per level.
                   A        B        C        D        E       F      G
               +--------+--------+--------+--------+--------+-----+--------+
         Total |  29970 |  28254 |   1716 |   1481 |  20910 |  25 | 1198.8 |
       Dungeon |  18908 |  17815 |   1093 |    529 |  14248 |  15 | 1260.5 |
        Temple |     60 |     51 |      9 |      0 |     32 |   1 |   60.0 |
          Lair |   7534 |   7086 |    448 |    582 |   4816 |   5 | 1506.8 |
   Spider Nest |    702 |    702 |      0 |     93 |    304 |   1 |  702.0 |
  Orcish Mines |   1985 |   1819 |    166 |     97 |   1179 |   2 |  992.5 |
      Gauntlet |    778 |    778 |      0 |    179 |    329 |   1 |  778.0 |
               +--------+--------+--------+--------+--------+-----+--------+

Top non-repeatable levels by time:
    D:11: 1928 daAuts
  Lair:5: 1921 daAuts
  Lair:3: 1759 daAuts
    D:13: 1740 daAuts
  Lair:4: 1556 daAuts
    D:10: 1550 daAuts
    D:15: 1520 daAuts
     D:5: 1399 daAuts
   Orc:2: 1357 daAuts
     D:3: 1314 daAuts
  Lair:1: 1309 daAuts
    D:12: 1277 daAuts
     D:6: 1173 daAuts
     D:9: 1091 daAuts
     D:7: 1072 daAuts
